 Dungeon Crawl Stone Soup version 0.20.1-1-g8b1a95d (webtiles) character file.

1374 pstr the Digger (level 8, 0/60 HPs)
             Began as a Naga Earth Elementalist on Dec 5, 2017.
             Succumbed to a scorpion's poison
             ... on level 5 of the Dungeon.
             The game lasted 00:20:30 (7913 turns).

pstr the Digger (Naga Earth Elementalist)           Turns: 7913, Time: 00:20:31

Health: 0/60       AC:  4    Str:  9 (10) XL:     8   Next: 66%
Magic:  7/16       EV: 10    Int: 15 (17) God:
Gold:   239        SH:  0    Dex:  8 (11) Spells: 7/18 levels left

rFire    . . .     SeeInvis +   F - staff of death
rCold    . . .     Gourm    .   (no shield)
rNeg     + . .     Faith    .   j - +0 leather armour
rPois    +         Spirit   .   (helmet restricted)
rElec    .         Reflect  .   (no cloak)
rCorr    .         Harm     .   (no gloves)
MR       +....                  (no barding)
Stlth    ++........             (no amulet)
Regen    0.2/turn               (no ring)
MPRegen  0.2/turn               (no ring)

@: lethally poisoned (0 -> -6), flying, very slow
A: horns 1, see invisible, deformed body, dopey 1, frail 1, poison resistance,
slowness 2, slow metabolism 1, spit poison 1, subdued magic 1, AC +2
a: Spit Poison


You were on level 5 of the Dungeon.
You were not hungry.

You visited 1 branch of the dungeon, and saw 5 of its levels.

You collected 239 gold pieces.

Inventory:

Hand Weapons
 b - a +1 bardiche of freezing
 w - a +1 mace of holy wrath
Missiles
 y - 19 stones (quivered)
Armour
 c - a +0 robe
 j - a +0 leather armour (worn)
 p - a cursed -2 ring mail
Magical Staves
 F - an uncursed staff of death (weapon)
Scrolls
 a - 3 scrolls of identify {unknown}
 g - a scroll of fog {unknown}
 i - a scroll of enchant armour {unknown}
 k - 2 scrolls of fear {unknown}
 l - 3 scrolls of immolation {unknown}
 m - a scroll of teleportation {unknown}
 o - 2 scrolls of recharging {unknown}
 q - a scroll of remove curse {unknown}
 v - a scroll of magic mapping {unknown}
 z - a scroll of random uselessness {unknown}
Potions
 f - a potion of magic
 n - a potion of ambrosia {unknown}
 x - a potion of invisibility {unknown}
 A - a potion of haste {unknown}
 B - 3 potions of curing {unknown}
 C - 2 potions of heal wounds {unknown}
Books
 e - a book of Geomancy

   Spells                             Type                      Level
   a - Sandblast                      Earth                        1
   b - Passwall                       Transmutation/Earth          2
   c - Stone Arrow                    Conjuration/Earth            3
   d - Petrify                        Transmutation/Earth          4
   e - Lee's Rapid Deconstruction     Earth                        5
 t - a book of Minor Magic

   Spells                             Type                      Level
   a - Magic Dart                     Conjuration                  1
   b - Blink                          Translocation                2
   c - Call Imp                       Summoning                    2
   d - Slow                           Hexes                        2
   e - Conjure Flame                  Conjuration/Fire             3
   f - Mephitic Cloud                 Conjuration/Poison/Air       3
Comestibles
 d - 2 meat rations
 r - a royal jelly
 u - a bread ration
 D - 2 fruits
 E - a chunk of flesh


   Skills:
 + Level 1.8 Fighting
 + Level 0.6 Polearms
 + Level 3.0 Dodging
 + Level 4.6 Stealth
 + Level 0.6 Unarmed Combat
 + Level 5.7 Spellcasting
 + Level 3.5 Conjurations
 + Level 1.0 Transmutations
 + Level 6.6 Earth Magic


You had 7 spell levels left.
You knew the following spells:

 Your Spells              Type           Power        Failure   Level  Hunger
a - Sandblast             Erth           ###...       1%          1    None
b - Passwall              Tmut/Erth      ##........   5%          2    #......
c - Stone Arrow           Conj/Erth      ##....       6%          3    ###....
d - Blink                 Tloc           N/A          28%         2    #......
e - Conjure Flame         Conj/Fire      #.......     26%         3    ###....


Dungeon Overview and Level Annotations

Branches:
Dungeon (5/15)
 Temple: D:4-7

Altars:


Innate Abilities, Weirdness & Mutations

You cannot wear boots.
Your serpentine skin is tough. (AC +2)
You have supernaturally acute eyesight. (SInv)
Armour fits poorly on your strangely shaped body.
Your system is resistant to poisons. (rPois)
You cover ground very slowly.
You have a slow metabolism.
You can spit poison.
You have a pair of small horns on your head.
You are dopey. (Int -2)
You are frail. (-10% HP)
Your spells are a little easier to cast, but a little less powerful.


Message History

The gnoll sergeant hits you from afar with a trident.
* * * LOW HITPOINT WARNING * * *
The scorpion stings you.
* * * LOW HITPOINT WARNING * * *
You are poisoned.
The scorpion poisons you!
* * * LOW HITPOINT WARNING * * *
You feel sick.
It was a potion of degeneration.
There was something very wrong with that liquid.
You feel weakened.
You feel dopey.
You feel clumsy.
You feel sick. The scorpion stings you.
* * * LOW HITPOINT WARNING * * *
The gnoll hits you but does no damage.
The gnoll sergeant hits you from afar with a trident.
* * * LOW HITPOINT WARNING * * *
It was a potion of flight.
You feel very buoyant.
You fly up into the air.
You die...

... ##...............###
...###.................##
........>...................#
............).).......[.<...#
..........................).#
.........................#.......
..........###............#.......
..............gg.........#.......
.....# #......gs@..#...###.......
....(# #......######...###.......
.....# #...........#.........####
.....#+#......[....#.........#
.........#.........#.........#
#.#......#.........#.........#
g.#......#.........#.........#
g.#......#.........#.........#
..#......#....######.........#


You could see a gnoll sergeant, a scorpion and 2 gnolls.

Vanquished Creatures
  Sigmund (D:4)
  2 ogres
  A phantom (D:3)
  A sky beast (D:5)
  Blork the orc (D:4)
  2 scorpions
  A crimson imp (D:5)
  2 hounds
  A jelly (D:5)
  5 orc priests
  A bullfrog skeleton (D:4)
  Natasha (thrice) (D:2)
  2 orc wizards
  A worker ant (D:4)
  A hound skeleton (D:4)
  A gnoll (D:5)
  11 adders
  2 adder skeletons (D:4)
  4 worms
  2 dart slugs
  3 leopard geckos
  29 orcs
  3 giant cockroaches
  8 goblins
  6 hobgoblins
  6 jackals
  2 quokkas (D:2)
  A ball python (D:1)
  16 bats
  6 frilled lizards
  12 kobolds
  9 rats
146 creatures vanquished.

Notes
Turn   | Place    | Note
-------+----------+-------------------------------------------
     0 | D:1      | pstr the Naga Earth Elementalist began the quest for the Orb.
     0 | D:1      | Reached XP level 1. HP: 15/15 MP: 3/3
   286 | D:1      | Reached XP level 2. HP: 22/22 MP: 1/5
   732 | D:1      | Reached XP level 3. HP: 28/28 MP: 2/6
   736 | D:1      | Learned a level 2 spell: Passwall
   894 | D:1      | Learned a level 3 spell: Stone Arrow
  1155 | D:2      | Noticed Sigmund
  1890 | D:2      | Reached skill level 4 in Earth Magic
  2112 | D:2      | Reached XP level 4. HP: 32/36 MP: 1/8
  2570 | D:2      | Noticed Natasha
  2579 | D:2      | Killed Natasha
  2755 | D:2      | Noticed Natasha
  2756 | D:2      | Killed Natasha
  2756 | D:2      | Reached XP level 5. HP: 43/43 MP: 2/9
  2833 | D:2      | Noticed Natasha
  2844 | D:2      | Killed Natasha
  3259 | D:2      | Reached skill level 1 in Conjurations
  3580 | D:3      | Noticed an ogre
  3595 | D:2      | Killed an ogre
  3595 | D:2      | Reached skill level 5 in Earth Magic
  3595 | D:2      | Reached XP level 6. HP: 7/50 MP: 3/11
  4042 | D:3      | Learned a level 2 spell: Blink
  4046 | D:3      | Learned a level 3 spell: Conjure Flame
  4859 | D:3      | Reached XP level 7. HP: 34/56 MP: 3/13
  5756 | D:4      | Killed Sigmund
  5756 | D:4      | Reached skill level 1 in Fighting
  6254 | D:4      | Reached skill level 6 in Earth Magic
  6280 | D:3      | Reached skill level 5 in Spellcasting
  6280 | D:3      | Reached XP level 8. HP: 28/64 MP: 3/15
  6590 | D:4      | Noticed Blork the orc
  6599 | D:4      | Killed Blork the orc
  7283 | D:5      | Entered Level 5 of the Dungeon
  7443 | D:5      | Gained mutation: Your spells are a little easier to cast, but a little less powerful. [mutagenic meat]
  7444 | D:5      | Gained mutation: You are frail. (-10% HP) [mutagenic meat]
  7445 | D:5      | Gained mutation: You are dopey. (Int -2) [mutagenic meat]
  7447 | D:5      | Gained mutation: You have a pair of small horns on your head. [mutagenic meat]
  7912 | D:5      | HP: 1/60 [gnoll sergeant/trident (5)]
  7913 | D:5      | Succumbed to a scorpion's poison

Skill      XL: |  1  2  3  4  5  6  7  8 |
---------------+-------------------------+-----
Earth Magic    | 4 5 6 |  6.6
Spellcasting   | 3 4 5 |  5.7
Conjurations   | 1 2 3 |  3.5
Dodging        | 2 3 |  3.0
Fighting       | 1 |  1.8
Stealth        | 4 |  4.6
Polearms       | |  0.6
Unarmed Combat | |  0.6
Transmutations | |  1.0

Action                   |  1- 3 |  4- 6 |  7- 9 || total
-------------------------+-------+-------+-------++-------
Melee: Unarmed           |     6 |    15 |       ||    21
       Bardiche          |       |       |     4 ||     4
 Cast: Sandblast         |    61 |    32 |     1 ||    94
       Stone Arrow       |     5 |    51 |    95 ||   151
 Abil: Spit Poison       |     6 |    10 |     9 ||    25
  Use: Potion            |       |       |     3 ||     3
  Eat: Chunk             |     1 |    11 |    18 ||    30
       Bread ration      |     1 |       |       ||     1
Armor: Robe              |    12 |    32 |    18 ||    62
       Leather armour    |       |       |     3 ||     3
Dodge: Dodged            |    38 |    75 |    68 ||   181
